[Event "Summer Prague Open-A 2024"]
[Site "Prague"]
[Date "2024.08.02"]
[Round "1.1"]
[White "Neuman, Petr"]
[Black "Schuran, Werner"]
[Result "1-0"]
[Annotator "RC"]
[ECO "E91"]
[WhiteElo "2426"]
[BlackElo "1926"]
[PlyCount "81"]
[EventDate "2024.08.02"]
[EventType "swiss"]
[EventCountry "CZE"]
[SourceTitle "playchess.com"]
[Source "ChessBase"]
[SourceQuality "1"]
[TimeControl "40/5400+30:1800+30"]

1. d4 Nf6 2. c4 g6 3. Nc3 Bg7 4. e4 d6 5. Nf3 O-O 6. Be2 Bg4 7. Be3 Nbd7 8. h3 Bxf3 9. Bxf3 c6 10. g4 Qc7 11. g5 Ne8 12. h4 e5 13. d5 f5 14. gxf6 Nexf6 15. h5 Rf7 16. hxg6 hxg6 17. Be2 c5 18. Qd2 a6 19. a4 Nf8 20. O-O-O Re8 21. Rh4 Qa5 22. Rdh1 Qb4 23. Qd3 g5 24. Rh5 g4 25. Rg5 Rb8 26. Bd2 Qb6 27. Qg3 Qc7 28. Qh4 N6h7 29. Rxg4 Qd8 30. Qh2 Qf6 31. Be3 b6 32. Rh4 Rbb7 33. Rxh7 Nxh7 34. Qxh7+ Kf8 35. Bg4 Rfe7 36. Be6 Ke8 37. Qf5 Qxf5 38. exf5 Bf8 39. Ne4 Rg7 40. f6 Rg6 41. Rh8 1-0

[Event "Summer Prague Open-A 2024"]
[Site "Prague"]
[Date "2024.08.02"]
[Round "1.2"]
[White "Hujo, Jozef"]
[Black "Nothnagel, Marian Can"]
[Result "0-1"]
[Annotator "RC"]
[ECO "A45"]
[WhiteElo "1925"]
[BlackElo "2410"]
[PlyCount "84"]
[EventDate "2024.08.02"]
[EventType "swiss"]
[EventCountry "CZE"]
[SourceTitle "playchess.com"]
[Source "ChessBase"]
[SourceQuality "1"]
[TimeControl "40/5400+30:1800+30"]

1. d4 Nf6 2. Bf4 g6 3. Nd2 Bg7 4. Ngf3 O-O 5. e4 d6 6. Be2 Nbd7 7. O-O Qe8 8. c3 e5 9. dxe5 dxe5 10. Bg3 Nh5 11. Qc2 a5 12. Rfd1 Kh8 13. Nc4 Nxg3 14. hxg3 Qe7 15. Rd5 b6 16. Rad1 f6 17. Ne3 Nc5 18. b4 Nb7 19. Bb5 Be6 20. Bc6 Rab8 21. Rd7 Bxd7 22. Rxd7 Qe6 23. Rxc7 Qd6 24. Nd5 Nd8 25. Qa4 f5 26. Nd2 fxe4 27. Nxe4 Qe6 28. Ne3 Nxc6 29. Rxc6 Qd7 30. b5 Rfd8 31. Nd6 Bf8 32. Nec4 Bxd6 33. Nxd6 Qe7 34. Qd1 Rd7 35. Qd5 Rbd8 36. Nc8 Rxd5 37. Nxe7 Rxb5 38. Rc7 Rc5 39. Rb7 b5 40. g4 e4 41. Kh2 Rd3 42. Rb8+ Kg7 0-1

[Event "Summer Prague Open-A 2024"]
[Site "Prague"]
[Date "2024.08.02"]
[Round "1.3"]
[White "Garcia Roman, Daniel"]
[Black "Yagiz, Bora"]
[Result "1-0"]
[Annotator "RC"]
[ECO "A41"]
[WhiteElo "2397"]
[BlackElo "1924"]
[PlyCount "115"]
[EventDate "2024.08.02"]
[EventType "swiss"]
[EventCountry "CZE"]
[SourceTitle "playchess.com"]
[Source "ChessBase"]
[SourceQuality "1"]
[TimeControl "40/5400+30:1800+30"]

1. d4 d6 2. c4 e5 3. Nf3 e4 4. Ng5 f5 5. Nh3 Nf6 6. e3 c6 7. Nf4 Na6 8. Nc3 Nc7 9. d5 cxd5 10. Ncxd5 Be7 11. Nxe7 Qxe7 12. Bd2 Na6 13. Bc3 O-O 14. h4 Be6 15. h5 Rad8 16. Qd4 Nc5 17. h6 g6 18. b3 Kf7 19. Be2 Ke8 20. Rd1 Bc8 21. b4 Na4 22. Ba1 a6 23. g3 Qc7 24. Kf1 Nb6 25. Kg2 d5 26. c5 Na8 27. Qe5+ Qe7 28. Qxe7+ Kxe7 29. Be5 Be6 30. Rd2 Rfe8 31. Rhd1 Ng8 32. Bd6+ Rxd6 33. cxd6+ Kxd6 34. Nxd5 Ke5 35. Nf4 Nb6 36. Rd8 Bf7 37. Rxe8+ Bxe8 38. Rd8 Nf6 39. Bd1 Nc4 40. Rb8 Nd6 41. Rd8 Ng8 42. Bb3 Nxh6 43. Ne6 Ng4 44. Nc5 Nf6 45. Nd3+ exd3 46. f4+ Ke4 47. Rxd6 Kxe3 48. Rxf6 Bc6+ 49. Kh3 Bf3 50. Re6+ Kd2 51. Re7 b5 52. Rxh7 Bd1 53. Bxd1 Kxd1 54. Rg7 d2 55. Rxg6 Kc2 56. Rc6+ Kb2 57. Rd6 Kc2 58. g4 1-0

[Event "Summer Prague Open-A 2024"]
[Site "Prague"]
[Date "2024.08.02"]
[Round "1.4"]
[White "Penloup-Leboulanger, Marvin"]
[Black "Prokofiev, Valentyn"]
[Result "0-1"]
[Annotator "RC"]
[ECO "B31"]
[WhiteElo "1923"]
[BlackElo "2381"]
[PlyCount "68"]
[EventDate "2024.08.02"]
[EventType "swiss"]
[EventCountry "CZE"]
[SourceTitle "playchess.com"]
[Source "ChessBase"]
[SourceQuality "1"]
[TimeControl "40/5400+30:1800+30"]

1. e4 c5 2. Nf3 Nc6 3. Bb5 g6 4. Bxc6 bxc6 5. O-O Bg7 6. Re1 Nf6 7. e5 Nd5 8. c4 Nc7 9. d4 cxd4 10. Qxd4 d5 11. Nc3 Ne6 12. Qh4 d4 13. Ne4 h6 14. b3 c5 15. Bb2 Rb8 16. h3 Qc7 17. Ba3 Qa5 18. Bc1 Qc7 19. Ba3 Bb7 20. Rad1 Qa5 21. Bc1 Qxa2 22. Nf6+ Bxf6 23. exf6 Bxf3 24. Qg3 Rxb3 25. Rxe6 fxe6 26. Qc7 O-O 27. Qxe7 Rb7 28. Qxe6+ Rbf7 29. Re1 d3 30. Qe3 Be2 31. Qxh6 Rxf6 32. Bg5 Qa6 33. Bxf6 Qxf6 34. Rb1 g5 0-1

[Event "Summer Prague Open-A 2024"]
[Site "Prague"]
[Date "2024.08.02"]
[Round "1.5"]
[White "Pulpan, Jakub"]
[Black "Janis, Petr"]
[Result "1-0"]
[Annotator "RC"]
[ECO "B31"]
[WhiteElo "2378"]
[BlackElo "1922"]
[PlyCount "57"]
[EventDate "2024.08.02"]
[EventType "swiss"]
[EventCountry "CZE"]
[SourceTitle "playchess.com"]
[Source "ChessBase"]
[SourceQuality "1"]
[TimeControl "40/5400+30:1800+30"]

1. e4 c5 2. Nf3 Nc6 3. Bb5 g6 4. O-O Bg7 5. Re1 Nf6 6. c3 O-O 7. h3 a6 8. Bxc6 bxc6 9. d3 d6 10. e5 Nd5 11. Nbd2 Qc7 12. Ne4 Bf5 13. g4 Bxe4 14. dxe4 Nb6 15. exd6 exd6 16. Bf4 Nc4 17. Qe2 Ne5 18. Nxe5 Bxe5 19. Bxe5 dxe5 20. Rad1 Rfd8 21. Rxd8+ Rxd8 22. Qxa6 Rd2 23. a4 Qd6 24. Qc4 Rxb2 25. Ra1 Rc2 26. a5 Qd2 27. Qxc5 Rxc3 28. Qxe5 Qb2 29. Rd1 1-0

[Event "Summer Prague Open-A 2024"]
[Site "Prague"]
[Date "2024.08.02"]
[Round "1.6"]
[White "Pajak, Jakub"]
[Black "Anwesh, Upadhyaya"]
[Result "0-1"]
[Annotator "RC"]
[ECO "C45"]
[WhiteElo "1922"]
[BlackElo "2373"]
[PlyCount "56"]
[EventDate "2024.08.02"]
[EventType "swiss"]
[EventCountry "CZE"]
[SourceTitle "playchess.com"]
[Source "ChessBase"]
[SourceQuality "1"]
[TimeControl "40/5400+30:1800+30"]

1. e4 e5 2. Nf3 Nc6 3. d4 exd4 4. Nxd4 Bc5 5. Nxc6 bxc6 6. Bd3 Qh4 7. Qf3 Nf6 8. Qg3 Qxg3 9. hxg3 O-O 10. Nd2 Re8 11. O-O d5 12. Nb3 Bb6 13. exd5 cxd5 14. Bf4 a5 15. a4 Bd7 16. c4 dxc4 17. Bxc4 h6 18. Nd2 Ng4 19. Nf3 Rad8 20. b3 Bc6 21. Nh2 Nf6 22. Rad1 Rxd1 23. Rxd1 g5 24. Bc1 Ne4 25. Ng4 h5 26. Nh6+ Kg7 27. Nf5+ Kg6 28. Nd4 Nc3 0-1

[Event "Summer Prague Open-A 2024"]
[Site "Prague"]
[Date "2024.08.02"]
[Round "1.7"]
[White "Konopka, Michal"]
[Black "Jepsen, Christian Matico"]
[Result "1-0"]
[Annotator "ChessBase"]
[ECO "D02"]
[WhiteElo "2325"]
[BlackElo "1921"]
[PlyCount "69"]
[EventDate "2024.08.02"]
[EventType "swiss"]
[EventCountry "CZE"]
[SourceTitle "playchess.com"]
[Source "ChessBase"]
[SourceQuality "1"]
[TimeControl "40/5400+30:1800+30"]

1. Nf3 d5 2. d4 Nf6 3. c4 e6 4. g3 Bb4+ 5. Nbd2 c6 6. Qc2 Nbd7 7. Bg2 O-O 8. O-O Re8 9. e4 dxe4 10. Nxe4 Nxe4 11. Qxe4 h6 12. Bf4 Bf8 13. Rad1 Qa5 14. a3 Qf5 15. Qxf5 exf5 16. d5 g5 17. Bc7 cxd5 18. cxd5 b6 19. Nd4 Bb7 20. Nxf5 Re2 21. b4 Rae8 22. d6 Bxg2 23. Kxg2 Kh7 24. Nd4 R2e4 25. Nb5 a6 26. Nc3 R4e6 27. Na4 a5 28. b5 f5 29. Rd2 f4 30. Rfd1 fxg3 31. hxg3 h5 32. Nxb6 Nxb6 33. Bxb6 Rb8 34. Bxa5 Rxb5 35. d7 1-0

[Event "Summer Prague Open-A 2024"]
[Site "Prague"]
[Date "2024.08.02"]
[Round "1.8"]
[White "Dvoracek, Jan Matyas"]
[Black "Kulhanek, Tomas"]
[Result "0-1"]
[Annotator "ChessBase"]
[ECO "B07"]
[WhiteElo "1972"]
[BlackElo "2317"]
[PlyCount "68"]
[EventDate "2024.08.02"]
[EventType "swiss"]
[EventCountry "CZE"]
[SourceTitle "playchess.com"]
[Source "ChessBase"]
[SourceQuality "1"]
[TimeControl "40/5400+30:1800+30"]

1. e4 d6 2. d4 Nf6 3. Nc3 g6 4. f3 c6 5. a4 Bg7 6. Be3 Qa5 7. Nge2 O-O 8. Nc1 Nbd7 9. Nb3 Qc7 10. Qd2 Re8 11. Bh6 Bh8 12. h4 e5 13. O-O-O exd4 14. Nxd4 Ne5 15. Be2 a6 16. Nf5 Bxf5 17. exf5 d5 18. h5 b5 19. hxg6 fxg6 20. fxg6 hxg6 21. Qg5 Nh7 22. Qh4 Qe7 23. Qg3 Qf6 24. f4 Nd7 25. Bd3 Ndf8 26. Bxf8 Nxf8 27. Rh6 Bg7 28. Bxg6 Bxh6 29. Bxe8+ Kh8 30. Qe1 b4 31. Na2 Bg7 32. c3 Rb8 33. g3 b3 34. Qh1+ Kg8 0-1

[Event "Summer Prague Open-A 2024"]
[Site "Prague"]
[Date "2024.08.02"]
[Round "1.9"]
[White "Eret, Matous"]
[Black "Pavlicek, Petr"]
[Result "1-0"]
[Annotator "ChessBase"]
[ECO "A13"]
[WhiteElo "2316"]
[BlackElo "1915"]
[PlyCount "45"]
[EventDate "2024.08.02"]
[EventType "swiss"]
[EventCountry "CZE"]
[SourceTitle "playchess.com"]
[Source "ChessBase"]
[SourceQuality "1"]
[TimeControl "40/5400+30:1800+30"]

1. c4 e6 2. b3 Be7 3. Bb2 Bf6 4. Nc3 Ne7 5. Nf3 d5 6. d4 O-O 7. e4 g6 8. h4 h6 9. h5 g5 10. e5 Bg7 11. Nxg5 hxg5 12. h6 Ng6 13. hxg7 Kxg7 14. Qd2 c6 15. g3 Rh8 16. Rxh8 Nxh8 17. Bd3 f6 18. O-O-O Nd7 19. Rh1 Nf8 20. f4 Nf7 21. fxg5 fxg5 22. Ba3 Ng6 23. Bxg6 1-0

[Event "Summer Prague Open-A 2024"]
[Site "Prague"]
[Date "2024.08.02"]
[Round "1.10"]
[White "Kiracoglu, Nejat"]
[Black "Mirimanian, Hayk"]
[Result "0-1"]
[Annotator "ChessBase"]
[ECO "C55"]
[WhiteElo "1908"]
[BlackElo "2290"]
[PlyCount "60"]
[EventDate "2024.08.02"]
[EventType "swiss"]
[EventCountry "CZE"]
[SourceTitle "playchess.com"]
[Source "ChessBase"]
[SourceQuality "1"]
[TimeControl "40/5400+30:1800+30"]

1. e4 e5 2. Nf3 Nc6 3. Bc4 Nf6 4. d3 h6 5. Nc3 d6 6. h3 g6 7. Be3 Bg7 8. Qd2 a6 9. d4 exd4 10. Nxd4 Bd7 11. a4 O-O 12. Nxc6 Bxc6 13. Bxh6 Nxe4 14. Nxe4 Qh4 15. Bxg7 Qxe4+ 16. Qe2 Kxg7 17. Qxe4 Bxe4 18. O-O-O Bxg2 19. Rh2 Bc6 20. a5 Rae8 21. Bd3 Re5 22. b4 Rh8 23. Rg1 Rh4 24. c3 Bd7 25. Rg3 c5 26. bxc5 Rxc5 27. Kb2 Rxa5 28. Re3 Re5 29. Rxe5 dxe5 30. f3 Rxh3 0-1

[Event "Summer Prague Open-A 2024"]
[Site "Prague"]
[Date "2024.08.02"]
[Round "1.11"]
[White "Walek, Petr"]
[Black "Kiraly, Lilla Virag"]
[Result "1-0"]
[Annotator "ChessBase"]
[ECO "B46"]
[WhiteElo "2283"]
[BlackElo "1908"]
[PlyCount "87"]
[EventDate "2024.08.02"]
[EventType "swiss"]
[EventCountry "CZE"]
[SourceTitle "playchess.com"]
[Source "ChessBase"]
[SourceQuality "1"]
[TimeControl "40/5400+30:1800+30"]

1. e4 c5 2. Nf3 e6 3. d4 cxd4 4. Nxd4 Nc6 5. Nc3 a6 6. Nxc6 bxc6 7. Qf3 Nf6 8. Qg3 d5 9. Bd3 Bb4 10. e5 d4 11. Qxg7 Rg8 12. exf6 Rxg7 13. fxg7 Ke7 14. Bxh7 dxc3 15. O-O Bb7 16. g8=Q Qxg8 17. Bxg8 Rxg8 18. b3 Bc5 19. Kh1 Bd4 20. Bf4 c5 21. f3 Bc6 22. Rfe1 Kf6 23. Bg3 Kf5 24. a4 Bd5 25. Re2 f6 26. Rd1 Rg7 27. Bf2 e5 28. h4 Rh7 29. Kg1 Bc6 30. Kh2 Bd5 31. Kh3 Kg6 32. f4 Be6+ 33. g4 Bd5 34. Kg3 Re7 35. Bxd4 exf4+ 36. Kf2 Rxe2+ 37. Kxe2 f3+ 38. Ke3 cxd4+ 39. Rxd4 Bb7 40. Rf4 Kg7 41. Rb4 Bd5 42. Rd4 Ba8 43. Rd8 Bc6 44. Rc8 1-0

[Event "Summer Prague Open-A 2024"]
[Site "Prague"]
[Date "2024.08.02"]
[Round "1.12"]
[White "Hemmerling, Jaroslaw"]
[Black "Camarena Jimenez, Rufino"]
[Result "0-1"]
[Annotator "ChessBase"]
[ECO "C06"]
[WhiteElo "1907"]
[BlackElo "2279"]
[PlyCount "86"]
[EventDate "2024.08.02"]
[EventType "swiss"]
[EventCountry "CZE"]
[SourceTitle "playchess.com"]
[Source "ChessBase"]
[SourceQuality "1"]
[TimeControl "40/5400+30:1800+30"]

1. e4 e6 2. d4 d5 3. Nd2 Nf6 4. e5 Nfd7 5. Bd3 c5 6. c3 Nc6 7. Ne2 cxd4 8. cxd4 f6 9. exf6 Nxf6 10. O-O Bd6 11. Nf3 Qc7 12. Bg5 O-O 13. Rc1 Bd7 14. Nc3 a6 15. Bb1 Be8 16. Qd3 Bh5 17. Bxf6 gxf6 18. h3 Kh8 19. Ne2 Rg8 20. Kh1 Rg7 21. Rg1 Bf4 22. Rce1 Rag8 23. Nxf4 Qxf4 24. Qe3 Qxe3 25. fxe3 Rxg2 26. Rxg2 Bxf3 27. Reg1 e5 28. dxe5 fxe5 29. Kh2 Rxg2+ 30. Rxg2 Bxg2 31. Kxg2 Kg7 32. Kf3 e4+ 33. Kf4 Kf6 34. a3 Ne7 35. Ba2 Ng6+ 36. Kg4 Ke5 37. Kg5 Ne7 38. Kh6 Nf5+ 39. Kxh7 Nxe3 40. h4 Nf5 41. h5 e3 42. Kg6 e2 43. Bxd5 e1=Q 0-1

[Event "Summer Prague Open-A 2024"]
[Site "Prague"]
[Date "2024.08.02"]
[Round "1.13"]
[White "Neukirchner, Pascal"]
[Black "Vrzal, Filip"]
[Result "1-0"]
[Annotator "ChessBase"]
[ECO "A05"]
[WhiteElo "2261"]
[BlackElo "1907"]
[PlyCount "55"]
[EventDate "2024.08.02"]
[EventType "swiss"]
[EventCountry "CZE"]
[SourceTitle "playchess.com"]
[Source "ChessBase"]
[SourceQuality "1"]
[TimeControl "40/5400+30:1800+30"]

1. Nf3 Nf6 2. g3 c5 3. Bg2 Nc6 4. O-O g6 5. c4 Bg7 6. d4 cxd4 7. Nxd4 O-O 8. Nc3 Nxd4 9. Qxd4 d6 10. Qd3 a6 11. Bg5 Rb8 12. Rac1 Bd7 13. b3 Qa5 14. Bd2 Rfc8 15. c5 Qxc5 16. Nd5 Qb5 17. Nxe7+ Kf8 18. Qxb5 axb5 19. Nxc8 Bxc8 20. Bb4 Ne8 21. Rfd1 Ke7 22. e4 Bd7 23. f4 f6 24. Rc2 Bc6 25. e5 fxe5 26. Bxc6 bxc6 27. Rxc6 Rd8 28. Rb6 1-0

[Event "Summer Prague Open-A 2024"]
[Site "Prague"]
[Date "2024.08.02"]
[Round "1.14"]
[White "Jakubse, Tamae Severina"]
[Black "Veleshnja, Zino"]
[Result "0-1"]
[Annotator "ChessBase"]
[ECO "B22"]
[WhiteElo "1904"]
[BlackElo "2252"]
[PlyCount "80"]
[EventDate "2024.08.02"]
[EventType "swiss"]
[EventCountry "CZE"]
[SourceTitle "playchess.com"]
[Source "ChessBase"]
[SourceQuality "1"]
[TimeControl "40/5400+30:1800+30"]

1. e4 c5 2. c3 d5 3. exd5 Qxd5 4. d4 Nc6 5. Nf3 Bg4 6. dxc5 Qxd1+ 7. Kxd1 e5 8. b4 e4 9. h3 O-O-O+ 10. Kc2 Bf5 11. Nh4 Be6 12. g4 a5 13. a3 Nf6 14. Bb5 h5 15. g5 Nd5 16. Bxc6 bxc6 17. Ng2 h4 18. Nd2 Bf5 19. Kb2 g6 20. Nc4 Nxc3 21. Bf4 Bg7 22. Be5 Bxe5 23. Nxe5 Nb5 24. a4 Nc7 25. Nxf7 Rd2+ 26. Kc1 Rxf2 27. Nxh8 Rxg2 28. bxa5 Na6 29. Kd1 e3 30. Ra3 Rd2+ 31. Ke1 Rb2 32. Rf1 Nb4 33. Rxf5 Nc2+ 34. Kf1 e2+ 35. Kxe2 Nxa3+ 36. Kf3 gxf5 37. g6 Kd7 38. g7 Rb3+ 39. Kf4 Rg3 40. a6 Rxg7 0-1

[Event "Summer Prague Open-A 2024"]
[Site "Prague"]
[Date "2024.08.02"]
[Round "1.15"]
[White "Petr, Jakub"]
[Black "Napieralski, Lucjan"]
[Result "1-0"]
[Annotator "ChessBase"]
[ECO "C08"]
[WhiteElo "2243"]
[BlackElo "1904"]
[PlyCount "109"]
[EventDate "2024.08.02"]
[EventType "swiss"]
[EventCountry "CZE"]
[SourceTitle "playchess.com"]
[Source "ChessBase"]
[SourceQuality "1"]
[TimeControl "40/5400+30:1800+30"]

1. e4 e6 2. d4 d5 3. Nd2 c5 4. exd5 exd5 5. Ngf3 Nf6 6. Bb5+ Bd7 7. Qe2+ Qe7 8. Ne5 a6 9. Bxd7+ Nfxd7 10. Nxd7 Nxd7 11. dxc5 Nxc5 12. Nf3 Qxe2+ 13. Kxe2 Be7 14. Rd1 Rd8 15. Be3 O-O 16. Nd4 Rfe8 17. Kf1 Bf6 18. c3 g6 19. Rac1 Ne6 20. Rc2 Rd7 21. Rcd2 b5 22. Nc2 Red8 23. Nb4 d4 24. Nc6 Rc8 25. Nxd4 Nxd4 26. Bxd4 Bxd4 27. Rxd4 Rxd4 28. Rxd4 Rc6 29. Ke2 Kg7 30. Kd3 Kf6 31. a4 bxa4 32. Rxa4 Ke5 33. Ra5+ Kd6 34. c4 Kc7 35. b4 Rf6 36. f3 Kb6 37. c5+ Kb7 38. Ra2 Rf4 39. Kc3 Rh4 40. h3 Rf4 41. Rd2 h5 42. Rd7+ Kb8 43. Rd4 Rf5 44. Kc4 Kb7 45. Rd7+ Kc6 46. Ra7 Rf4+ 47. Kb3 g5 48. Rxa6+ Kb7 49. Rh6 g4 50. hxg4 hxg4 51. fxg4 Rxg4 52. Rf6 Rxg2 53. Rxf7+ Ka6 54. Rf6+ Kb5 55. Rb6# 1-0

[Event "Summer Prague Open-A 2024"]
[Site "Prague"]
[Date "2024.08.02"]
[Round "1.16"]
[White "Mikhno, Artem"]
[Black "Sramek, Vojtech"]
[Result "0-1"]
[Annotator "ChessBase"]
[ECO "D43"]
[WhiteElo "1900"]
[BlackElo "2237"]
[PlyCount "80"]
[EventDate "2024.08.02"]
[EventType "swiss"]
[EventCountry "CZE"]
[SourceTitle "playchess.com"]
[Source "ChessBase"]
[SourceQuality "1"]
[TimeControl "40/5400+30:1800+30"]

1. d4 d5 2. c4 c6 3. Nc3 Nf6 4. Nf3 e6 5. Bf4 dxc4 6. e3 b5 7. a4 Bb4 8. axb5 cxb5 9. Bxb8 Rxb8 10. Rxa7 O-O 11. Be2 Qb6 12. Ra2 Bb7 13. O-O Ra8 14. Qb1 Bxc3 15. bxc3 Nd5 16. Rc1 Rxa2 17. Qxa2 Ra8 18. Qb2 Qa6 19. Nd2 Qa3 20. Qc2 Qa2 21. Qd1 h6 22. Bf3 Qb2 23. Rc2 Qa1 24. Rc1 Qb2 25. Rc2 Qa1 26. Rc1 Qa4 27. Kf1 Qxd1+ 28. Rxd1 Ra3 29. Rc1 Kf8 30. Ke1 Ke7 31. Kd1 Nxc3+ 32. Rxc3 Bxf3+ 33. Kc2 Ra2+ 34. Kc1 Bxg2 35. e4 f5 36. exf5 Bd5 37. fxe6 b4 38. Rg3 g5 39. Rh3 c3 40. Nb1 Rxf2 0-1

[Event "Summer Prague Open-A 2024"]
[Site "Prague"]
[Date "2024.08.02"]
[Round "1.17"]
[White "Skypala, Ondrej"]
[Black "Gharibyan, Mane"]
[Result "1-0"]
[Annotator "ChessBase"]
[ECO "A14"]
[WhiteElo "2230"]
[BlackElo "1896"]
[PlyCount "41"]
[EventDate "2024.08.02"]
[EventType "swiss"]
[EventCountry "CZE"]
[SourceTitle "playchess.com"]
[Source "ChessBase"]
[SourceQuality "1"]
[TimeControl "40/5400+30:1800+30"]

1. c4 Nf6 2. g3 e6 3. Bg2 d5 4. Nf3 Be7 5. O-O O-O 6. b3 b6 7. d4 Bb7 8. Ne5 Nbd7 9. Bb2 Qc8 10. Nd2 Rd8 11. Rc1 c5 12. dxc5 bxc5 13. cxd5 exd5 14. Ndf3 Ne4 15. Bh3 Bc6 16. Nd4 cxd4 17. Nxc6 Bc5 18. Rxc5 Qa6 19. Nxd8 Ndxc5 20. Qxd4 Qg6 21. Qxd5 1-0

[Event "Summer Prague Open-A 2024"]
[Site "Prague"]
[Date "2024.08.02"]
[Round "1.18"]
[White "Omarsson, Josef"]
[Black "Kuhn, Tobias"]
[Result "0-1"]
[Annotator "ChessBase"]
[ECO "D43"]
[WhiteElo "1895"]
[BlackElo "2223"]
[PlyCount "48"]
[EventDate "2024.08.02"]
[EventType "swiss"]
[EventCountry "CZE"]
[SourceTitle "playchess.com"]
[Source "ChessBase"]
[SourceQuality "1"]
[TimeControl "40/5400+30:1800+30"]

1. d4 d5 2. c4 c6 3. Nc3 Nf6 4. Nf3 e6 5. Bg5 h6 6. Bh4 dxc4 7. e4 g5 8. Bg3 b5 9. a3 Bb7 10. Be2 Nbd7 11. e5 Nd5 12. Nd2 Qb6 13. Nde4 c5 14. a4 Nxc3 15. Nxc3 cxd4 16. Nxb5 Bxg2 17. Kd2 Bxh1 18. Qxh1 Rc8 19. Rd1 a6 20. Nd6+ Bxd6 21. exd6 Qb4+ 22. Kc1 c3 23. Kc2 Qxb2+ 24. Kd3 c2 0-1

[Event "Summer Prague Open-A 2024"]
[Site "Prague"]
[Date "2024.08.02"]
[Round "1.19"]
[White "Schmitz, Thorsten"]
[Black "Pesola, Jyrki"]
[Result "1-0"]
[Annotator "ChessBase"]
[ECO "B22"]
[WhiteElo "2218"]
[BlackElo "1893"]
[PlyCount "81"]
[EventDate "2024.08.02"]
[EventType "swiss"]
[EventCountry "CZE"]
[SourceTitle "playchess.com"]
[Source "ChessBase"]
[SourceQuality "1"]
[TimeControl "40/5400+30:1800+30"]

1. e4 c5 2. c3 Nf6 3. e5 Nd5 4. d4 cxd4 5. Nf3 Nc6 6. cxd4 d6 7. Bc4 e6 8. O-O dxe5 9. dxe5 Be7 10. Qe2 Nb6 11. Bb3 O-O 12. Nc3 Nd4 13. Nxd4 Qxd4 14. Rd1 Qh4 15. Be3 Rd8 16. Rxd8+ Bxd8 17. Rd1 Qe7 18. Bc5 Qe8 19. Bc2 g6 20. Ne4 Kg7 21. Qf3 Be7 22. Nf6 Qf8 23. Qh3 h6 24. Be3 Qh8 25. Rd4 Nd5 26. Rh4 Nxe3 27. Qxe3 Bxf6 28. exf6+ Kxf6 29. Qc3+ e5 30. Rf4+ Bf5 31. Bxf5 gxf5 32. g4 Ke6 33. Qb3+ Kd6 34. Rxf5 f6 35. Qxb7 Rb8 36. Qxa7 Qd8 37. Rxf6+ Kd5 38. Qf7+ Kd4 39. Qg6 Qa5 40. Rd6+ Kc4 41. Qe4+ 1-0

[Event "Summer Prague Open-A 2024"]
[Site "Prague"]
[Date "2024.08.02"]
[Round "1.20"]
[White "Aarush Rajesh"]
[Black "Golenia, Wojciech"]
[Result "0-1"]
[Annotator "ChessBase"]
[ECO "E20"]
[WhiteElo "1892"]
[BlackElo "2212"]
[PlyCount "94"]
[EventDate "2024.08.02"]
[EventType "swiss"]
[EventCountry "CZE"]
[SourceTitle "playchess.com"]
[Source "ChessBase"]
[SourceQuality "1"]
[TimeControl "40/5400+30:1800+30"]

1. d4 Nf6 2. c4 e6 3. Nc3 Bb4 4. f3 c5 5. d5 O-O 6. e4 Re8 7. Nge2 d6 8. Ng3 Nbd7 9. Be2 exd5 10. cxd5 Ne5 11. O-O a6 12. a4 c4 13. Be3 Bd7 14. Bd4 Rc8 15. Nf5 Bxf5 16. exf5 Bc5 17. Bxc5 Rxc5 18. Qd4 Qb6 19. f4 Ned7 20. Bf3 Qxb2 21. Ra2 Qb6 22. Rb1 Qa5 23. Rxb7 Rc7 24. Rxc7 Qxc7 25. Rb2 Nc5 26. Qxc4 Re1+ 27. Kf2 Rc1 28. Rb3 h5 29. Kg3 Nce4+ 30. Qxe4 Nxe4+ 31. Nxe4 Rc4 32. Ng5 h4+ 33. Kg4 Rxf4+ 34. Kxf4 Qc4+ 35. Ne4 Qxb3 36. Nxd6 Qb8 37. Ke5 Kf8 38. f6 gxf6+ 39. Kxf6 Qxd6+ 40. Kg5 Qxh2 41. d6 Qg3+ 42. Kh5 h3 43. gxh3 Qxf3+ 44. Kg5 Kg7 45. d7 f6+ 46. Kh4 Qf4+ 47. Kh5 Qg5# 0-1

[Event "Summer Prague Open-A 2024"]
[Site "Prague"]
[Date "2024.08.02"]
[Round "1.21"]
[White "Jun, Rudolf"]
[Black "Machala, Vladislav"]
[Result "1-0"]
[Annotator "ChessBase"]
[ECO "B13"]
[WhiteElo "2198"]
[BlackElo "1891"]
[PlyCount "45"]
[EventDate "2024.08.02"]
[EventType "swiss"]
[EventCountry "CZE"]
[SourceTitle "playchess.com"]
[Source "ChessBase"]
[SourceQuality "1"]
[TimeControl "40/5400+30:1800+30"]

1. e4 c6 2. d4 d5 3. exd5 cxd5 4. c4 Nf6 5. Nc3 Nc6 6. Nf3 Bg4 7. cxd5 Nxd5 8. Bc4 Nb6 9. Bxf7+ Kxf7 10. Ng5+ Ke8 11. Qxg4 Qxd4 12. Qe2 Qe5 13. Be3 Nd4 14. Bxd4 Qxg5 15. Nb5 Rd8 16. Bxb6 axb6 17. O-O Kf7 18. Rfe1 e5 19. Qc4+ Kg6 20. Re3 Bc5 21. Qe6+ Qf6 22. Rg3+ Kh5 23. Qg4+ 1-0

[Event "Summer Prague Open-A 2024"]
[Site "Prague"]
[Date "2024.08.02"]
[Round "1.22"]
[White "Schwartz, Michael"]
[Black "Flajsman, Pavel"]
[Result "1/2-1/2"]
[Annotator "ChessBase"]
[ECO "C50"]
[WhiteElo "1890"]
[BlackElo "2188"]
[PlyCount "76"]
[EventDate "2024.08.02"]
[EventType "swiss"]
[EventCountry "CZE"]
[SourceTitle "playchess.com"]
[Source "ChessBase"]
[SourceQuality "1"]
[TimeControl "40/5400+30:1800+30"]

1. e4 e5 2. Nf3 Nc6 3. Bc4 Nf6 4. d3 Bc5 5. Nc3 h6 6. a3 a6 7. O-O O-O 8. Be3 Bxe3 9. fxe3 d6 10. Qe1 Be6 11. Bxe6 fxe6 12. d4 Nd7 13. Rd1 Qe8 14. Qg3 exd4 15. exd4 Ne7 16. Nh4 Qh5 17. Qh3 Rxf1+ 18. Rxf1 Nf8 19. Qg3 Nfg6 20. Nxg6 Nxg6 21. Qf3 Qxf3 22. Rxf3 e5 23. d5 c6 24. g3 Rf8 25. Kf2 Ne7 26. Rxf8+ Kxf8 27. Ke3 Ke8 28. Kd3 Kd7 29. Kc4 Kc7 30. b4 Ng8 31. Kd3 Nf6 32. h3 Nh5 33. Ne2 cxd5 34. exd5 b5 35. c4 Nf6 36. Nc3 Kb6 37. a4 bxc4+ 38. Kxc4 Nh5 1/2-1/2

[Event "Summer Prague Open-A 2024"]
[Site "Prague"]
[Date "2024.08.02"]
[Round "1.23"]
[White "Golenia, Jan"]
[Black "Alimbetov, Dias"]
[Result "1/2-1/2"]
[Annotator "ChessBase"]
[ECO "A06"]
[WhiteElo "2188"]
[BlackElo "1887"]
[PlyCount "96"]
[EventDate "2024.08.02"]
[EventType "swiss"]
[EventCountry "CZE"]
[SourceTitle "playchess.com"]
[Source "ChessBase"]
[SourceQuality "1"]
[TimeControl "40/5400+30:1800+30"]

1. Nf3 d5 2. b3 Nf6 3. Bb2 g6 4. e3 Bg7 5. c4 c6 6. Be2 O-O 7. O-O Nbd7 8. d4 b6 9. Nc3 Ne4 10. Nxe4 dxe4 11. Ng5 Nf6 12. f3 Bf5 13. fxe4 Nxe4 14. g4 Nxg5 15. gxf5 e6 16. fxg6 hxg6 17. Qe1 Qe7 18. Qg3 Rad8 19. h4 Ne4 20. Qg2 f5 21. Qxg6 Qxh4 22. Rf4 Qg5+ 23. Qxg5 Nxg5 24. Kg2 e5 25. Rh4 exd4 26. Bxd4 Rfe8 27. Bxg7 Kxg7 28. Rg1 Nf7 29. Bh5 Rd2+ 30. Kf3+ Kf8 31. Rf4 Re5 32. Rg6 Rh2 33. Rxc6 Rxh5 34. Rc8+ Kg7 35. Rc7 Rh3+ 36. Kf2 Rh2+ 37. Kf3 Rxa2 38. e4 Ra3 39. Rxf5 Rxf5+ 40. exf5 Rxb3+ 41. Ke4 a5 42. Kd5 Kf6 43. c5 Rb5 44. Rc6+ Kxf5 45. Rxb6 Rxb6 46. cxb6 Nd8 47. Kc5 Ke6 48. Kb5 Ke5 1/2-1/2